 Dungeon Crawl Stone Soup version 0.24.0-37-gcf1ca852f1 (webtiles) character file.

Game seed: 797483738919546650, levelgen mode: deterministic

154946 Jannitor the Unseen (level 16, -2/88 HPs)
             Began as a Spriggan Berserker on Nov 25, 2019.
             Was the Champion of Trog.
             Slain by a swamp dragon (8 damage)
             ... on level 4 of the Swamp on Nov 28, 2019.
             The game lasted 01:12:55 (39213 turns).

Jannitor the Unseen (Spriggan Berserker)           Turns: 39213, Time: 01:12:56

Health: -2/88      AC: 12    Str: 17    XL:     16   Next: 79%
Magic:  7/7        EV: 35    Int: 16    God:    Trog [******]
Gold:   1706       SH: 11    Dex: 20    Spells: 15/15 levels left

rFire    . . .     SeeInvis +   R - +6 quick blade of Anguish {antimagic, rC+ Int+6}
rCold    + + .     Gourm    .   l - +3 buckler {rC+}
rNeg     . . .     Faith    .   X - +0 swamp dragon scales
rPois    +         Spirit   .   J - +0 hat {SInv}
rElec    .         Reflect  .   w - +2 cloak
rCorr    +         Harm     .   (gloves unavailable)
MR       +++..                  (boots unavailable)
Stlth    +++++++...             (no amulet)
HPRegen  0.24/turn              I - +4 ring of evasion
MPRegen  0.10/turn              n - ring "Tijirgh" {rPois MR+ rCorr Dex+3}

@: lightly drained, very quick
A: very small, unfitting armour, horns 1, see invisible, blink, herbivore, speed
3, slow metabolism 2
}: 1/15 runes: decaying
a: Blink, Berserk, Trog's Hand, Brothers in Arms, Renounce Religion


You were on level 4 of the Swamp.
You worshipped Trog.
Trog was exalted by your worship.
You were not hungry.

You visited 4 branches of the dungeon, and saw 27 of its levels.
You also visited: Sewer, Gauntlet and Ice Cave.

You collected 2786 gold pieces.
You spent 1080 gold pieces at shops.

Inventory:

Hand Weapons
 a - the +7 quick blade of Uleiraus {pierce, -Tele rC+ Str+5}
   (Trog gifted it to you on level 6 of the Lair of Beasts)

   It inflicts extra damage upon your enemies.
   It affects your strength (+5).
   It protects you from cold.
   It prevents most forms of teleportation.
 b - a +0 fustibalus
 R - the +6 quick blade of Anguish (weapon) {antimagic, rC+ Int+6}
   (Trog gifted it to you on level 11 of the Dungeon)

   It reduces the magical energy of the wielder, and disrupts the spells and
   magical abilities of those hit.
   Natural abilities and divine invocations are not affected.
   It affects your intelligence (+6).
   It protects you from cold.
Missiles
 g - 44 boomerangs
 i - 3 throwing nets (quivered)
 m - 186 sling bullets
 q - 40 poisoned darts
 C - 4 curare-tipped darts
Armour
 l - a +3 buckler of cold resistance (worn)
 w - a +2 cloak (worn)
 J - a +0 hat of see invisible (worn)
 X - +0 swamp dragon scales (worn)
Jewellery
 h - an uncursed ring of protection from cold
 n - the ring "Tijirgh" (right hand) {rPois MR+ rCorr Dex+3}
   (You found it in a Gauntlet)

   [ring of resist corrosion]

   It affects your dexterity (+3).
   It protects you from poison.
   It affects your resistance to hostile enchantments.
   It provides partial protection from all sources of acid and corrosion.
 u - a +6 ring of strength
 v - an uncursed ring of flight
 I - a +4 ring of evasion (left hand)
 V - an uncursed ring of protection from fire
Wands
 k - a wand of enslavement (10)
 s - a wand of digging (15)
 x - a wand of disintegration (49)
 z - a wand of iceblast (9)
 E - a wand of paralysis (14)
 F - a wand of acid (13)
 G - a wand of clouds (3)
 S - a wand of flame (21)
 U - a wand of scattershot (3)
Scrolls
 d - 3 scrolls of fear
 e - 17 scrolls of identify
 j - 3 scrolls of magic mapping
 o - 8 scrolls of teleportation
 p - 4 scrolls of blinking
 r - 4 scrolls of enchant weapon
 t - 13 scrolls of remove curse
 y - a scroll of brand weapon {unknown}
 M - 2 scrolls of torment
 T - a scroll of fog
Potions
 f - 8 potions of flight
 A - 11 potions of curing
 B - 5 potions of lignification
 D - 2 potions of agility
 H - 6 potions of might
 K - 2 potions of heal wounds
 L - 4 potions of ambrosia
 N - a potion of brilliance
 P - 2 potions of cancellation
 W - a potion of resistance
 Y - 3 potions of magic
 Z - 3 potions of berserk rage
Miscellaneous
 O - a phial of floods
 Q - a lamp of fire
Comestibles
 c - 25 rations


   Skills:
 + Level 11.8(11.5) Fighting
 - Level 10.7(10.4) Short Blades
 + Level 11.0(12.6) Slings
 + Level 9.7(11.0) Throwing
 * Level 6.3(6.1) Armour
 - Level 17.1(16.8) Dodging
 + Level 19.3(19.1) Stealth
 - Level 7.2(6.9) Shields
 - Level 7.8(7.6) Evocations


You had 15 spell levels left.
You didn't know any spells.
Your spell library was empty.

Dungeon Overview and Level Annotations

Branches:
Dungeon (15/15)            Temple (0/1) D:4            Lair (6/6) D:10
  Swamp (4/4) Lair:4        Snake (0/4) Lair:3        Slime (0/5) Lair:5
    Orc (2/2) D:10            Elf (0/3) Orc:2        Vaults (0/5) D:14
 Depths (0/5) D:15          Sewer (visited)           IceCv (visited)
Gauntlet (visited)

Altars:
Ashenzari
Dithmenos
Elyvilon
Gozag
Ru
Trog
Vehumet
Wu Jian
Yredelemnul
The Shining One

Shops:
D:4 *   D:6 %   Orc:1 ?   Orc:2 %:%(

Annotations:
D:3 Ijyb
Swamp:3 3 runed translucent doors, Roxanne; hofbold's ghost, adept MfGl


Innate Abilities, Weirdness & Mutations

You are very small and have problems with some larger weapons.
You are too small for most types of armour.
You have supernaturally acute eyesight. (SInv)
You are a herbivore.
You cover ground extremely quickly.
You need to consume almost no food.
You have a pair of small horns on your head.
You can translocate small distances at will.


Message History

Ouch! That really hurt!
* * * LOW HITPOINT WARNING * * *
The swamp dragon completely misses you. x2; The swamp dragon misses you.
You block the swamp dragon's attack.
The swamp dragon claws you but does no damage.
The swamp dragon tramples you but does no damage.
The alligator completely misses you. The alligator misses you.
You block the swamp dragon's attack. x2
The swamp dragon tramples you but does no damage.
You hear an angry hiss.
Unknown command.
Blink to where?
Press: ? - help, Dir - move target cursor
Okay, then.
As you read the scroll of teleportation, it crumbles to dust.
You feel strangely stable. The swamp dragon misses you.
The swamp dragon claws you!
* * * LOW HITPOINT WARNING * * *
The swamp dragon tramples you!
You die...

≈.≈...≈°§.≈.≈.≈.#.# #♣..≈†...≈...
.≈..≈.≈§§.§≈.§.♣.♣##♣.).≈..≈≈..≈≈
≈.≈.≈...○○....≈..≈≈§≈≈≈≈..≈§..≈..
.....≈....≈......♣≈≈....../≈≈....
≈...≈........≈≈§≈≈..........≈..F.
.....°.........°°.≈D.....≈..≈..≈.
.≈≈..°°..≈.☼.○°..≈...≈.≈...≈.....
≈≈..○°°..?%≈°○.DtD.≈...≈....≈....
≈.≈.[○.....°.°.D@..≈.D...≈.≈....≈
.≈§.§≈..≈..○..°≈D§≈.≈k..≈≈≈....≈.
≈≈.≈.≈.......≈.≈≈.......
§≈...≈.≈..§≈≈....≈≈.....
..^....≈≈.≈≈$.≈≈...≈..≈≈
≈.≈≈..D..≈...≈......≈...
..≈.....≈≈..%≈.≈≈..≈....
.≈..≈≈..≈≈.≈.≈≈≈........


You could see 2 fire dragons, an alligator, a seven-headed hydra, 3 swamp
dragons and a lindwurm.

Vanquished Creatures
  Nikola (Swamp:2)
  Jorgrun (D:13)
  Rupert (Lair:4)
  Louise (Swamp:3)
  A very ugly thing (Swamp:4)
  A minotaur (Gauntlet)
  Snorg (D:11)
  A quicksilver dragon zombie (D:15)
  A fire dragon (Swamp:4)
  Fannar (Orc:1)
  8 hydras
  8 vault guards (D:14)
  An ice dragon (Lair:4)
  3 rakshasas
  A ghost crab (Swamp:4)
  2 catoblepae (Lair:6)
  A two-headed ogre (D:15)
  Erica (D:9)
  2 shambling mangroves
  13 alligators
  2 centaur warriors
  A queen ant (Lair:2)
  11 death yaks (Lair:6)
  Sonja (D:11)
  A vampire mage (D:14)
  Urug (Orc:1)
  4 spriggans (Swamp:2)
  A storm dragon zombie (D:15)
  2 fire crabs
  9 skeletal warriors
  A wizard (D:15)
  2 unseen horrors
  6 swamp dragons
  A tengu zombie (D:15)
  An orc knight (Orc:2)
  A wolf spider zombie (D:15)
  6 ugly things
  A necromancer (D:15)
  3 deep elf magi
  A worldbinder (Gauntlet)
  3 cyclopes
  3 manticores
  3 ice statues
  3 black mambas
  A centaur zombie (D:10)
  2 gargoyles
  13 spiny frogs
  A minotaur zombie (Gauntlet)
  3 rime drakes
  A tengu conjurer (D:13)
  An efreet (D:15)
  8 ice devils (IceCv)
  12 komodo dragons
  A freezing wraith (D:15)
  A queen bee (shapeshifter) (D:14)
  3 polar bears (Lair:4)
  8 trolls
  10 tyrant leeches
  A harpy zombie (D:14)
  10 hornets
  9 bog bodies
  5 dream sheep (Lair:6)
  Prince Ribbit (D:8)
  22 blink frogs
  11 hippogriffs
  16 slime creatures
  An ettin zombie (D:15)
  A wraith (D:15)
  4 shadows
  57 yaks
  A fire elemental (Swamp:4)
  4 wyverns
  5 fire bats (Gauntlet)
  A steam dragon (D:12)
  14 vampire mosquitoes
  6 hungry ghosts
  26 insubstantial wisps
  2 wargs (Orc:1)
  14 swamp worms
  2 acid dragons
  16 water moccasins
  20 soldier ants (Lair:2)
  2 hell hounds (Gauntlet)
  13 porcupines
  3 sky beasts
  9 swamp drakes
  35 orc warriors
  8 ice beasts
  2 black bears (D:10)
  4 wolves (Lair:2)
  A phantom (D:7)
  3 boggarts (Gauntlet)
  9 ogres
  17 centaurs
  4 big kobolds
  9 crocodiles
  Blork the orc (D:6)
  11 bullfrogs
  8 scorpions
  3 wights (D:12)
  8 killer bees
  A howler monkey (D:6)
  An electric eel (Lair:4)
  3 crimson imps
  A bullfrog zombie (D:6)
  A quasit (D:11)
  9 jellies
  6 hounds
  10 orc priests
  3 bullfrog skeletons
  4 centaur skeletons
  2 iguanas
  13 orc wizards
  28 worker ants
  A howler monkey zombie (D:7)
  8 gnolls
  11 adders
  2 river rats
  6 shadow imps
  12 white imps
  3 oozes (Lair:5)
  7 ufetubi (IceCv)
  3 adder skeletons
  6 worms
  A dart slug (D:1)
  9 leopard geckos
  49 orcs
  2 ball pythons (D:5)
  4 bats
  6 giant cockroaches
  10 hobgoblins
  5 jackals
  25 kobolds
  6 quokkas
  5 frilled lizards
  6 goblins
  A leopard gecko skeleton (D:4)
  9 rats
  A butterfly (Lair:3)
862 creatures vanquished.

Vanquished Creatures (collateral kills)
  A tentacled monstrosity (Swamp:3)
  A catoblepas (Lair:6)
  A hornet (Swamp:2)
  A spriggan (Swamp:2)
  A plant (Lair:6)
5 creatures vanquished.

Vanquished Creatures (others)
  A reaper (IceCv)
  2 hydras (Swamp:4)
  An alligator (Swamp:4)
  An unseen horror (D:13)
  A lindwurm (Swamp:4)
  A tyrant leech (Swamp:4)
  2 steam dragons (Swamp:4)
  A vampire mosquito (Swamp:4)
  5 swamp drakes (Swamp:4)
  A centaur (Orc:2)
  An orc wizard (Orc:2)
  2 white imps (IceCv)
  3 ufetubi (IceCv)
  3 orcs (Orc:2)
  6 demonic plants (Gauntlet)
  16 fungi
  5 plants (Lair:6)
52 creatures vanquished.

Grand Total: 919 creatures vanquished

Notes
Turn   | Place    | Note
-------+----------+-------------------------------------------
     0 | D:1      | Jannitor the Spriggan Berserker began the quest for the
                  | Orb.
     0 | D:1      | Reached XP level 1. HP: 11/11 MP: 2/2
   350 | D:1      | Reached XP level 2. HP: 14/16 MP: 3/3
  1366 | D:2      | Reached skill level 5 in Dodging
  1371 | D:2      | Reached XP level 3. HP: 13/19 MP: 4/4
  1600 | D:2      | Reached skill level 1 in Stealth
  1992 | D:2      | Reached ** piety under Trog
  2085 | D:2      | Reached skill level 2 in Stealth
  2085 | D:2      | Reached XP level 4. HP: 20/24 MP: 5/5
  2826 | D:3      | Noticed Ijyb
  3222 | D:4      | Reached skill level 1 in Slings
  3222 | D:4      | Reached XP level 5. HP: 28/28 MP: 6/6
  3283 | D:4      | Found Gouthof's General Store.
  3330 | D:4      | Reached skill level 3 in Stealth
  3370 | D:4      | Found a staircase to the Ecumenical Temple.
  3553 | D:4      | Noticed an ogre
  3605 | D:4      | Killed an ogre
  3828 | D:4      | Reached XP level 6. HP: 32/32 MP: 7/7
  3843 | D:4      | Found a shattered altar of Ashenzari.
  3844 | D:4      | Found a glowing golden altar of the Shining One.
  4114 | D:5      | Entered Level 5 of the Dungeon
  4172 | D:5      | Identified the +10 plate armour of the Stars {Dex+3} (You
                  | found it on level 5 of the Dungeon)
  4457 | D:5      | Reached *** piety under Trog
  4537 | D:5      | Found a glowing drain.
  4544 | Sewer    | Entered a sewer
  4551 | Sewer    | Reached skill level 4 in Stealth
  4789 | Sewer    | Found a glowing silver altar of Zin.
  5111 | D:6      | Found Pemnuona's Food Shop.
  5450 | D:6      | Noticed an orc warrior
  5469 | D:6      | Noticed Blork the orc
  5487 | D:6      | Killed Blork the orc
  5487 | D:6      | Reached skill level 5 in Short Blades
  5487 | D:6      | Reached XP level 7. HP: 29/37 MP: 8/8
  5935 | D:6      | Reached skill level 5 in Stealth
  6718 | D:6      | Bought a ration for 50 gold pieces
  6718 | D:6      | Bought a ration for 50 gold pieces
  6718 | D:6      | Bought a ration for 50 gold pieces
  6718 | D:6      | Bought a ration for 50 gold pieces
  6718 | D:6      | Bought a ration for 50 gold pieces
  6718 | D:6      | Bought a ration for 50 gold pieces
  6760 | D:6      | Reached skill level 6 in Stealth
  6760 | D:6      | Reached XP level 8. HP: 31/42 MP: 9/9
  6964 | D:7      | Found an opulent altar of Gozag.
  7161 | D:7      | Found an ornate altar of the Wu Jian Council.
  7234 | D:7      | Reached **** piety under Trog
  7301 | D:7      | Reached skill level 5 in Slings
  7301 | D:7      | Reached skill level 7 in Stealth
  8063 | D:8      | Noticed Prince Ribbit
  8089 | D:7      | Reached skill level 5 in Fighting
  8256 | D:8      | Killed Prince Ribbit
  8256 | D:8      | Reached skill level 8 in Stealth
  8256 | D:8      | Reached XP level 9. HP: 45/47 MP: 10/10
  8650 | D:8      | Reached skill level 9 in Stealth
  8947 | D:9      | Noticed a troll
  8960 | D:9      | Killed a troll
  8982 | D:9      | Found a radiant altar of Vehumet.
  9003 | D:9      | Noticed a troll
  9010 | D:9      | Killed a troll
  9010 | D:9      | Reached skill level 10 in Dodging
  9016 | D:9      | Got a shimmering dagger
  9017 | D:9      | Identified the +11 dagger of Tenacity {protect, *Corrode
                  | rC++ Dex+10 Stlth+} (You found it on level 9 of the
                  | Dungeon)
  9110 | D:9      | Noticed Erica
  9152 | D:9      | Killed Erica
  9152 | D:9      | Reached XP level 10. HP: 53/53 MP: 11/11
  9212 | D:9      | Found a bloodstained altar of Trog.
  9246 | D:9      | Reached skill level 10 in Stealth
  9362 | D:9      | Found a white marble altar of Elyvilon.
  9700 | D:10     | Entered Level 10 of the Dungeon
  9703 | D:10     | Noticed an unseen horror
  9764 | D:10     | Reached skill level 1 in Evocations
  9778 | D:10     | Reached ***** piety under Trog
  9898 | D:10     | Found a staircase to the Orcish Mines.
 10403 | D:10     | Reached skill level 11 in Stealth
 10634 | D:10     | Found a staircase to the Lair.
 10701 | D:10     | Killed an unseen horror
 10701 | D:10     | Reached XP level 11. HP: 58/58 MP: 15/15
 10916 | D:11     | Noticed Snorg
 10920 | D:11     | Killed Snorg
 10920 | D:11     | Reached skill level 5 in Evocations
 10967 | D:11     | Noticed Sonja
 10976 | D:11     | Killed Sonja
 11040 | D:11     | Found a shadowy altar of Dithmenos.
 11180 | D:11     | You fall into a shaft and drop 3 floors!
 11222 | D:14     | Reached skill level 12 in Stealth
 11259 | D:13     | Noticed an unseen horror
 11318 | D:13     | Killed an unseen horror
 11318 | D:13     | Noticed a centaur warrior
 11357 | D:13     | Found a gate leading to a gauntlet.
 11368 | Gauntlet | Entered a Gauntlet
 11368 | Gauntlet | Found a transporter.
 11452 | Gauntlet | Found a large runed translucent door.
 11453 | Gauntlet | Found a large runed translucent door.
 11454 | Gauntlet | Found a large runed translucent door.
 11454 | Gauntlet | Found a large runed translucent door.
 11454 | Gauntlet | Found a runed translucent door.
 11455 | Gauntlet | Found a large runed translucent door.
 11456 | Gauntlet | Found a large runed translucent door.
 11457 | Gauntlet | Found a large runed translucent door.
 11457 | Gauntlet | Found a large runed translucent door.
 11458 | Gauntlet | Found a runed translucent gate.
 11458 | Gauntlet | Found a runed translucent gate.
 11460 | Gauntlet | Found a transporter.
 11468 | Gauntlet | Found a runed translucent gate.
 11468 | Gauntlet | Found a runed translucent door.
 11469 | Gauntlet | Found a large runed translucent door.
 11469 | Gauntlet | Found a large runed translucent door.
 11470 | Gauntlet | Found a large runed translucent door.
 11471 | Gauntlet | Found a large runed translucent door.
 11475 | Gauntlet | Found a transporter.
 11480 | Gauntlet | Found a transporter.
 11494 | Gauntlet | Noticed a ghost crab
 11495 | Gauntlet | Found a transporter.
 11510 | Gauntlet | Noticed a fire crab
 11511 | Gauntlet | Found a transporter.
 11526 | Gauntlet | Found a transporter.
 11526 | Gauntlet | Noticed a hell hog
 11532 | Gauntlet | Found a transporter.
 11547 | Gauntlet | Found a transporter.
 11547 | Gauntlet | Noticed a wretched star
 11553 | Gauntlet | Found a transporter.
 11568 | Gauntlet | Found a transporter.
 11577 | Gauntlet | Noticed a harpy
 11580 | Gauntlet | Found a transporter.
 11586 | Gauntlet | Found a transporter.
 11600 | Gauntlet | Noticed a harpy
 11600 | Gauntlet | a hippogriff changed into a harpy
 11606 | Gauntlet | Found a transporter.
 11617 | Gauntlet | a harpy changed into a jumping spider
 11626 | Gauntlet | Found a transporter.
 11651 | Gauntlet | Found a transporter.
 11653 | Gauntlet | Found a transporter.
 11679 | Gauntlet | Found a large runed translucent door.
 11679 | Gauntlet | Found a large runed translucent door.
 11680 | Gauntlet | Found a large runed translucent door.
 11681 | Gauntlet | Found a large runed translucent door.
 11683 | Gauntlet | Found a transporter.
 11724 | Gauntlet | Noticed an unseen horror
 11728 | Gauntlet | an unseen horror changed into a hornet
 11901 | Gauntlet | Received a gift from Trog
 12175 | Gauntlet | Gained mutation: You can translocate small distances at
                  | will. [potion of mutation]
 12175 | Gauntlet | Gained mutation: You have a pair of small horns on your
                  | head. [potion of mutation]
 12191 | Gauntlet | Killed a fire crab
 12212 | Gauntlet | Reached skill level 10 in Short Blades
 12221 | Gauntlet | Got a translucent granite ring
 12223 | Gauntlet | Identified the ring "Tijirgh" {rPois MR+ rCorr Dex+3} (You
                  | found it in a Gauntlet)
 12298 | Gauntlet | Noticed a minotaur
 12339 | Gauntlet | Killed a minotaur
 12592 | Gauntlet | Found the +10 Black Knight's horse barding {ponderous,
                  | rPois rN+}
 12696 | D:13     | Reached skill level 13 in Stealth
 12699 | D:13     | Noticed Jorgrun
 12784 | D:13     | Reached XP level 12. HP: 64/64 MP: 18/18
 12821 | D:13     | Killed a centaur warrior
 13734 | D:13     | Reached skill level 1 in Shields
 14660 | D:11     | Reached skill level 14 in Stealth
 14697 | D:11     | Received a gift from Trog
 14700 | D:11     | Got an iridescent quick blade {god gift}
 14701 | D:11     | Identified the +6 quick blade of Anguish {antimagic, rC+
                  | Int+6} (Trog gifted it to you on level 11 of the Dungeon)
 14979 | Lair:1   | Entered Level 1 of the Lair of Beasts
 15008 | Lair:1   | Noticed a four-headed hydra
 15036 | Lair:1   | Killed a four-headed hydra
 15791 | Lair:2   | Reached XP level 13. HP: 39/70 MP: 6/19
 16053 | Lair:2   | Reached skill level 1 in Throwing
 16979 | Lair:2   | Reached skill level 5 in Shields
 18047 | Lair:3   | Found a staircase to the Snake Pit.
 18090 | Lair:3   | Reached skill level 15 in Stealth
 18483 | Lair:4   | Found a frozen archway.
 18560 | IceCv    | Entered an ice cave
 18795 | IceCv    | Killed a reaper
 18880 | IceCv    | Reached ****** piety under Trog
 19130 | IceCv    | Received a gift from Trog
 19662 | Lair:4   | Noticed Rupert
 19925 | Lair:4   | Reached skill level 15 in Dodging
 20496 | Lair:4   | Killed Rupert
 20726 | Lair:4   | Found a staircase to the Swamp.
 21371 | Lair:5   | Reached XP level 14. HP: 58/75 MP: 6/20
 21768 | Lair:5   | Found a staircase to the Slime Pits.
 21948 | Lair:6   | Entered Level 6 of the Lair of Beasts
 22075 | Lair:6   | Found a basalt altar of Yredelemnul.
 22168 | Lair:6   | Received a gift from Trog
 22390 | Lair:6   | Reached skill level 16 in Stealth
 22433 | Lair:6   | Identified the +7 quick blade of Uleiraus {pierce, -Tele
                  | rC+ Str+5} (Trog gifted it to you on level 6 of the Lair of
                  | Beasts)
 22574 | Lair:6   | Reached skill level 5 in Throwing
 23202 | Lair:6   | Reached skill level 10 in Fighting
 24405 | Lair:6   | Received a gift from Trog
 24478 | Lair:6   | Reached skill level 17 in Stealth
 24845 | Orc:1    | Entered Level 1 of the Orcish Mines
 24871 | Orc:1    | Found Bietaen's Magic Scroll Shoppe.
 24879 | Orc:1    | Bought a scroll of acquirement for 780 gold pieces
 24982 | Orc:2    | Entered Level 2 of the Orcish Mines
 24982 | Orc:2    | Found a staircase to the Elven Halls.
 25032 | Orc:2    | Noticed Urug
 25379 | Orc:1    | Killed Urug
 25707 | Orc:1    | Received a gift from Trog
 26277 | Orc:2    | Received a gift from Trog
 26574 | Orc:2    | Found Utedif's Food Emporium.
 26574 | Orc:2    | Found Niastumn's Book Boutique.
 26576 | Orc:2    | Found Digueguv's Food Shop.
 26578 | Orc:2    | Found Zauj Cosm's Antique Weapon Shoppe.
 27082 | Orc:1    | Noticed Fannar
 27086 | Orc:1    | Killed Fannar
 27086 | Orc:1    | Reached XP level 15. HP: 81/81 MP: 21/21
 28051 | D:13     | Killed Jorgrun
 28051 | D:13     | Received a gift from Trog
 28054 | D:13     | Identified the +0 short sword "Galecud" {protect, +Rage
                  | Int+4 Dex+3} (Trog gifted it to you on level 13 of the
                  | Dungeon)
 28106 | D:14     | Found a gate to the Vaults.
 29141 | D:15     | Entered Level 15 of the Dungeon
 29410 | D:14     | Reached skill level 1 in Armour
 30402 | D:15     | Found a staircase to the Depths.
 30952 | D:15     | Reached skill level 18 in Stealth
 32923 | Swamp:1  | Entered Level 1 of the Swamp
 32976 | Lair:4   | Received a gift from Trog
 33693 | Swamp:1  | Reached XP level 16. HP: 78/87 MP: 22/22
 34415 | Swamp:2  | Noticed Nikola
 34419 | Swamp:2  | Killed Nikola
 34678 | Swamp:2  | Reached skill level 10 in Slings
 35058 | Swamp:2  | Reached skill level 5 in Armour
 35906 | Swamp:2  | Received a gift from Trog
 36266 | Swamp:2  | Reached skill level 19 in Stealth
 36429 | Swamp:3  | Noticed hofbold's ghost (adept MfGl)
 36432 | Swamp:3  | Found a runed translucent gate.
 36432 | Swamp:3  | Found a runed translucent gate.
 36445 | Swamp:3  | Found a runed translucent gate.
 36494 | Swamp:3  | Received a gift from Trog
 36866 | Swamp:3  | Noticed a tentacled monstrosity
 36914 | Swamp:3  | Killed a tentacled monstrosity
 37252 | Swamp:3  | Found a sacrificial altar of Ru.
 37452 | Swamp:3  | Noticed Louise
 37493 | Swamp:3  | Killed Louise
 37501 | Swamp:3  | Noticed Roxanne
 37744 | Swamp:4  | Entered Level 4 of the Swamp
 38627 | Swamp:4  | Got a decaying rune of Zot
 39206 | Swamp:4  | HP: 1/88 [fire dragon/blast of flame (43)]
 39213 | Swamp:4  | Slain by a swamp dragon

Levels and vault maps discovered:
D:1:      minmay_arrival_doors, layout_basic
D:2:      layout_basic
D:3:      layout_rooms, uniq_ijyb
D:4:      minmay_wonky_spiral, layout_gridville,
          gammafunk_temple_overflow_statue, minmay_temple_entry_water_ring,
          first_ration, serial_shops, nicolae_shop_trees
D:5:      layout_basic, portal_sewer_entry_e
D:6:      layout_cave_pools, serial_shops, shop, kennysheep_generic_room_14,
          uniq_blork_the_orc
D:7:      minmay_angry_zag, layout_loops_corners, lemuel_round_altar,
          basic_altar
D:8:      layout_rooms, uniq_prince_ribbit1
D:9:      layout_small_grid, elyvilon_altar_3, bloody_trog,
          lemuel_coloured_pillars_altar, uniq_erica
D:10:     layout_irregular_city, grunt_lair_entry_orc_guard_hut, orc_0_dummy
D:11:     layout_roguey, grunt_dithmenos_shadows, uniq_sonja, uniq_snorg
D:12:     layout_small_grid, uniq_erolcha
D:13:     layout_loops_ring, gauntlet_entry_generic, uniq_jorgrun
D:14:     layout_basic, erik_vaults_2
D:15:     gammafunk_depths_entry_grave, layout_cave_pods, chequers_avenue,
          minmay_between
Lair:1:   layout_chaotic_city, chequers_serial_rivers_micro_c
Lair:2:   layout_small_grid, minivault_29, infiniplex_staircase_pool
Lair:3:   layout_regular_city, dummy_snake_entry, lemuel_fruit_fields
Lair:4:   layout_long_grid, nicolae_swamp_entry_splash_gauntlet,
          portal_ice_cave_entry_pillars_2, ice2_lemuel, uniq_rupert
Lair:5:   layout_regular_city, nicolae_slime_entry_slimehenge
Lair:6:   evilmike_catoblepas_cave, layout_loops_ring, basic_altar,
          chequers_serial_rivers_marsh, st_stairs_13, lemuel_fruit_tree
Swamp:1:  layout_falls_marsh, evilmike_swamp_ruin_house_2
Swamp:2:  layout_basic_swamp, serial_swamp_ruin, hangedman_swamp_ruin_wall,
          evilmike_swamp_ruin_house_3, evilmike_swamp_ruin_house_6, uniq_nikola
Swamp:3:  layout_basic_swamp, gammafunk_ghost_split, lemuel_altar_in_water,
          uniq_louise, uniq_roxanne
Swamp:4:  swamp_fiery, layout_basic_swamp
Orc:1:    layout_diamond_mine, serial_shops, shop_fountains,
          nicolae_orc_rich_vein, uniq_fannar
Orc:2:    st_orc_rangers, layout_caves, minmay_orc_keep, uniq_urug

Skill      XL: |  1  2  3  4  5  6  7  8  9 10 11 12 13 14 15 16 |
---------------+-------------------------------------------------+-----
Dodging        | 5 6 7 8 10 11 12 14 15 16 17 | 17.1
Stealth        | 2 3 4 6 8 9 11 13 14 15 17 18 19 | 19.3
Fighting       | 3 4 5 6 7 8 9 10 11 | 11.8
Short Blades   | 4 5 6 8 9 10 | 10.7
Slings         | 1 2 3 4 5 7 9 11 | 11.0
Evocations     | 4 7 |  7.8
Shields        | 4 6 7 |  7.2
Throwing       | 4 7 8 9 |  9.7
Armour         | 4 6 |  6.3

Action                   |  1- 3 |  4- 6 |  7- 9 | 10-12 | 13-15 | 16-18 || total
-------------------------+-------+-------+-------+-------+-------+-------++-------
Melee: Short sword       |   129 |   179 |   231 |       |       |       ||   539
       Rapier            |       |     8 |       |       |       |       ||     8
       Dagger            |       |       |    52 |   603 |       |       ||   655
       Headbutt          |       |       |       |   172 |  1010 |   257 ||  1439
       Quick blade       |       |       |       |   159 |  3237 |   770 ||  4166
 Fire: Hunting sling     |       |    68 |       |    67 |       |       ||   135
       Fustibalus        |       |       |       |       |   177 |     5 ||   182
Throw: Boomerang         |    53 |    11 |     3 |     3 |    11 |       ||    81
       Dart              |       |    10 |    53 |       |    12 |       ||    75
Invok: Berserk           |       |     1 |     1 |     1 |     1 |       ||     4
       Trog's Hand       |       |       |     1 |     1 |     1 |       ||     3
Evoke: Wand              |       |     2 |    10 |     5 |     6 |     3 ||    26
       Phial of floods   |       |       |       |       |     1 |     2 ||     3
  Use: Scroll            |       |     2 |    12 |     6 |    14 |     5 ||    39
       Potion            |       |       |     1 |     9 |     1 |     4 ||    15
 Stab: Sleeping          |       |     7 |    10 |    32 |    41 |     9 ||    99
       Paralysed         |       |       |     2 |     1 |     1 |       ||     4
       Distracted        |       |       |     1 |     7 |     4 |     6 ||    18
       Confused          |       |       |       |       |       |     1 ||     1
  Eat: Ration            |       |     1 |     2 |    10 |     8 |     5 ||    26
Armor: Animal skin       |    16 |    14 |     1 |       |       |       ||    31
       Robe              |       |       |    24 |    31 |       |       ||    55
       Acid dragon scale |       |       |       |     2 |    79 |       ||    81
       Swamp dragon scal |       |       |       |       |       |    34 ||    34
Dodge: Dodged            |   124 |   199 |   231 |   548 |  1193 |   371 ||  2666
Block: Buckler           |       |       |       |    69 |   606 |   185 ||   860
